 Dungeon Crawl Stone Soup version 0.29.1-1-gd02db6906a (webtiles) character file.

Game seed: 182309319690467833

20 xian the Shooter (level 2, -1/23 HPs)
             Began as a Barachi Hunter on Oct 16, 2022.
             Slain by a quokka (3 damage)
             ... on level 1 of the Dungeon.
             The game lasted 00:00:59 (222 turns).

xian the Shooter (Barachi Hunter)                    Turns: 222, Time: 00:00:59

Health: -1/23      AC:  3    Str: 12    XL:     2   Next: 79%
Magic:  2/2        EV: 12    Int:  9    God:
Gold:   0          SH:  0    Dex: 15    Spells: 1/1 levels left

rFire   . . .      SeeInvis .   a - +0 shortbow
rCold   . . .      Faith    .   (shield currently unavailable)
rNeg    . . .      Spirit   .   c - +0 leather armour
rPois   .          Reflect  .   (no helmet)
rElec   .          Harm     .   (no cloak)
rCorr   .          Rampage  .   (no gloves)
Will    .....                   (no boots)
Stlth   +.........              (no amulet)
HPRegen 0.07/turn               (no ring)
MPRegen 0.08/turn               (no ring)

@: slow
A: amphibious, slowness 1, strong legs 1, +LOS
a: Hop


You were on level 1 of the Dungeon.
You visited 1 branch of the dungeon, and saw 1 of its levels.

Inventory:

Hand Weapons
 a - a +0 shortbow (weapon)
 e - a +0 dagger of venom
Armour
 c - a +0 leather armour (worn)
Scrolls
 b - a scroll of immolation
 d - 3 scrolls of identify {unknown}


   Skills:
 + Level 2.5 Fighting
 + Level 4.7 Ranged Weapons
 + Level 2.2 Dodging
 + Level 0.8 Stealth


You had one spell level left.
You didn't know any spells.
Your spell library was empty.

Dungeon Overview and Level Annotations

Branches:
Dungeon (1/15)

Altars:


Innate Abilities, Weirdness & Mutations

You are amphibious.
You cover ground slowly.
You can hop short distances.
You have an extended range of vision and can be seen from far away.


Message History

You shoot an arrow.
The arrow hits the quokka but does no damage.
A ball python comes into view.
Fire: a) +0 shortbow
Press: ? - help, Q - select action, (/) - cycle Shift-Dir - straight line, f/p - quokka
Aim: a quokka (51% to hit)
You shoot an arrow. The ball python hisses angrily.
The arrow hits the quokka.
The quokka is heavily wounded.
Fire: a) +0 shortbow
Press: ? - help, Q - select action, (/) - cycle Shift-Dir - straight line, f/p - quokka
Aim: a quokka (heavily wounded, 51% to hit)
You shoot an arrow. The arrow misses the quokka.
The arrow hits the ball python.
The ball python is severely wounded.
Fire: a) +0 shortbow
Press: ? - help, Q - select action, (/) - cycle Shift-Dir - straight line, f - ball python
Aim: a ball python (severely wounded, 58% to hit)
You shoot an arrow. The arrow hits the ball python!
You kill the ball python!
Unknown command.
You start resting.
A quokka is nearby!
The quokka closely misses you.
Fire: a) +0 shortbow
Press: ? - help, Q - select action, (/) - cycle Shift-Dir - straight line, f - quokka
Aim: a quokka (heavily wounded, 51% to hit)
You shoot an arrow.
The arrow hits the quokka but does no damage.
The quokka is heavily wounded.
The quokka bites you but does no damage.
The quokka closely misses you.
Fire: a) +0 shortbow
Press: ? - help, Q - select action, (/) - cycle Shift-Dir - straight line, f/p - quokka
Aim: a quokka (heavily wounded, 51% to hit)
You shoot an arrow. The arrow hits the quokka.
The quokka is severely wounded.
The quokka bites you.
You die...

#.....# #.................#
#......##.######.............##
#...... #†.....##.....#......)##
........
######..#######....##...
##...... ##..##......#.##...
#...... ##.##.#..##..#....
####....#######.......###.##...†
....)†.$...#......###..##....
#)r@.....###.###....
.......†##.......##.###....
........ #........†........
........ ######.##..###....
........ #.##.## #.... ........
#....# #.... #####.## ######
#.... #. #.... .. ##...


You could see a quokka.

Vanquished Creatures
  2 endoplasms (D:1)
  5 goblins (D:1)
  4 hobgoblins (D:1)
  A quokka (D:1)
  2 ball pythons (D:1)
  A bat (D:1)
  2 frilled lizards (D:1)
17 creatures vanquished.

Notes
Turn   | Place    | Note
-------+----------+-------------------------------------------
     0 | D:1      | xian the Barachi Hunter began the quest for the Orb.
     0 | D:1      | Reached XP level 1. HP: 17/17 MP: 1/1
    68 | D:1      | Reached XP level 2. HP: 23/23 MP: 2/2
   209 | D:1      | HP: 1/23 [poisoned by a goblin]
   222 | D:1      | Slain by a quokka

Illustrated notes

Levels and vault maps discovered:
D:1:      erik_arrival_triangle_small, layout_rooms,
          dreamdust_ecumenical_altar_hidden_monk_grotto, minmay_octomino_e4

Action                   || total
-------------------------++-------
 Fire: Shortbow          ||    35
Armor: Leather armour    ||     4
Dodge: Dodged            ||     5
